 Dungeon Crawl Stone Soup version 0.26.1-11-gd32895ea62 (webtiles) character file.

Game seed: 478990929072979585

133462 Cykl0x the Fencer (level 16, -2/126 HPs)
             Began as a Minotaur Fighter on May 30, 2021.
             Was the Champion of the Shining One.
             Slain by a wolf spider (3 damage)
             ... on level 2 of the Spider Nest.
             The game lasted 00:44:39 (29530 turns).

Cykl0x the Fencer (Minotaur Fighter)               Turns: 29530, Time: 00:44:40

Health: -2/126     AC: 20    Str: 33      XL:     16   Next: 59%
Magic:  17/24      EV: 10    Int:  4 (5)  God:    the Shining One [******]
Gold:   2618       SH: 15    Dex:  6      Spells: 21/23 levels left

rFire    x . .     SeeInvis +   C - +5 Maxwell's thermic engine {flame, freeze}
rCold    + . .     Faith    .   c - +1 kite shield
rNeg     + + +     Spirit   .   X - +6 chain mail "Edeunkem" {Rampage rC+ SInv}
rPois    .         Reflect  .   (helmet restricted)
rElec    .         Harm     .   v - +0 cloak
rCorr    .         Rampage  +   n - +1 pair of gloves of Somewhere Else {rF- Regen+ Dex-5 Slay+5}
Will     ++...                  I - +0 pair of boots
Stlth    ..........             l - amulet of the acrobat
HPRegen  0.71/turn              T - +6 ring of strength
MPRegen  0.19/turn              e - ring of willpower

@: wereblooded, corroded, slowed, glowing, studying Shields, very slow
A: retaliatory headbutt, horns 2, deterioration 1, frail 1
a: Renounce Religion, Divine Shield, Cleansing Flame, Summon Divine Warrior,
Brand Weapon With Holy Wrath


You were on level 2 of the Spider Nest.
You worshipped the Shining One.
The Shining One was exalted by your worship.
You visited 4 branches of the dungeon, and saw 25 of its levels.

You collected 2884 gold pieces.
You spent 266 gold pieces at shops.

Inventory:

Hand Weapons
 C - the +5 Maxwell's thermic engine (weapon) {flame, freeze}
   (You acquired it on level 13 of the Dungeon)

   It has been specially enchanted to burn those struck by it, causing extra
   injury to most foes and up to half again as much damage against particularly
   susceptible opponents.
   Big, fiery blades are also staple armaments of hydra-hunters.
   It has been specially enchanted to freeze those struck by it, causing extra
   injury to most foes and up to half again as much damage against particularly
   susceptible opponents.
Missiles
 f - 571 stones
 r - 15 javelins (quivered)
 s - 49 boomerangs
 w - 16 curare-tipped darts
Armour
 c - a +1 kite shield (worn)
 n - the +1 pair of gloves of Somewhere Else (worn) {rF- Regen+ Dex-5 Slay+5}
   (You found it on level 15 of the Dungeon)

   It affects your dexterity (-5).
   It affects your accuracy and damage with ranged weapons and melee attacks
   (+5).
   It makes you vulnerable to fire.
   It increases your rate of regeneration.
 v - a +0 cloak (worn)
 I - a +0 pair of boots (worn)
 X - the +6 chain mail "Edeunkem" (worn) {Rampage rC+ SInv}
   (You found it on level 1 of the Orcish Mines)

   It protects you from cold.
   It lets you see invisible.
   It bestows one free step when moving towards enemies.
Jewellery
 a - an uncursed ring of flight
 e - a ring of willpower (right hand)
 l - an amulet of the acrobat (around neck)
 J - an uncursed amulet of regeneration
 T - a +6 ring of strength (left hand)
 U - the cursed necklace of Bloodlust {*Rage +Rage Will++ Int-3 Slay+6 *Curse}
   (You found it on level 1 of the Orcish Mines)

   [amulet of nothing]

   It affects your intelligence (-3).
   It affects your accuracy and damage with ranged weapons and melee attacks
   (+6).
   It affects your willpower, your defense against some magical effects.
   It lets you go berserk.
   It may make you go berserk in combat.
   It curses itself when equipped.
   It has a curse placed upon it.
Wands
 h - a wand of polymorph (5)
 j - a wand of acid (36)
 o - a wand of enslavement (28)
 p - a wand of iceblast (20)
 G - a wand of disintegration (23)
Scrolls
 i - 12 scrolls of teleportation
 k - 19 scrolls of remove curse
 q - 2 scrolls of amnesia
 u - 3 scrolls of fear
 y - 3 scrolls of enchant weapon
 D - 3 scrolls of immolation
 E - 9 scrolls of identify
 F - 6 scrolls of magic mapping
 K - 5 scrolls of enchant armour
 L - a scroll of summoning
 N - 2 scrolls of blinking
 P - a scroll of holy word
 Q - 4 scrolls of fog
Potions
 b - 2 potions of heal wounds
 d - 5 potions of might
 g - 2 potions of berserk rage
 m - 3 potions of cancellation
 t - 2 potions of haste
 z - 4 potions of mutation
 A - 2 potions of brilliance
 H - 3 potions of flight
 M - 13 potions of ambrosia
 O - 2 potions of invisibility {unknown}
Books
 V - a manual of Shields


   Skills:
 + Level 12.9 Fighting
 + Level 0.6(10.5) Short Blades
 + Level 16.8 Long Blades
 + Level 9.0 Throwing
 + Level 13.5 Armour
 + Level 4.9 Dodging
 + Level 14.6 Shields
 + Level 1.0 Unarmed Combat
 + Level 4.2 Spellcasting
 + Level 5.2 Transmutations
 * Level 13.0 Invocations
 + Level 0.1 Evocations


You had 21 spell levels left.
You knew the following spells:

 Your Spells              Type           Power        Failure   Level
a - Wereblood             Tmut           5%           22%         2

Your spell library contained the following spells:

 Spells                   Type           Power        Failure   Level
 Beastly Appendage        Tmut           10%          14%         1
 Passwall                 Tmut/Erth      1%           52%         2
 Freeze                   Ice            0%           77%         1
 Sandblast                Erth           0%           77%         1
 Spider Form              Tmut/Pois      1%           77%         3
 Frozen Ramparts          Ice            0%           98%         3
 Ozocubu's Armour         Ice            0%           98%         3
 Stone Arrow              Conj/Erth      0%           98%         3
 Blade Hands              Tmut           2%           98%         5
 Ice Form                 Ice/Tmut       2%           99%         4
 Petrify                  Tmut/Erth      2%           99%         4
 Cause Fear               Hex            0%           100%        4
 Dispel Undead            Necr           0%           100%        4
 Hailstorm                Conj/Ice       0%           100%        4
 Olgreb's Toxic Radiance  Pois           0%           100%        4
 Summon Ice Beast         Ice/Summ       0%           100%        4
 Summon Lightning Spire   Summ/Air       0%           100%        4
 Lee's Rapid Deconstruct  Erth           0%           100%        5
 Silence                  Hex/Air        0%           100%        5
 Yara's Violent Unravell  Hex/Tmut       1%           100%        5
 Discord                  Hex            0%           100%        8


Dungeon Overview and Level Annotations

Branches:
Dungeon (15/15)            Temple (0/1) D:5            Lair (6/6) D:9
 Shoals (0/4) Lair:2       Spider (2/4) Lair:3        Slime (0/5) Lair:6
    Orc (2/2) D:11            Elf (0/3) Orc:2        Vaults (0/5) D:14
 Depths (0/5) D:15

Altars:
Ashenzari
Cheibriados
Dithmenos
Elyvilon
Fedhas
Kikubaaqudgha
Qazlal
Ru
Sif Muna
Trog
Vehumet
Xom
The Shining One
Beogh

Shops:
D:9 !   D:11 :   Orc:2 }?[!

Annotations:
D:6 exclusion: oklob plant


Innate Abilities, Weirdness & Mutations

You reflexively headbutt those who attack you in melee.
You have a pair of horns on your head.
Your body sometimes deteriorates upon taking damage.
You are frail. (-10% HP)


Message History

The entropy weaver gestures at you while chanting.
The entropic weave corrodes you! The tarantella closely misses you.
You feel better. You block the tarantella's attack.
A tarantella comes into view.
The wolf spider barely misses you.
The wolf spider bites you but does no damage.
You block the wolf spider's attack. x2; The redback bites you.
* * * LOW HITPOINT WARNING * * *
The emperor scorpion stings you but does no damage.
The emperor scorpion closely misses you.
The emperor scorpion claws you but does no damage.
A redback comes into view.
The tarantella bites you.
* * * LOW HITPOINT WARNING * * *
The entropy weaver gestures at you while chanting.
The entropic weave corrodes you!
The wolf spider hits you but does no damage.
The wolf spider bites you but does no damage.
The wolf spider hits you.
You die...

......#^.......
.^.............
..:............
...............
............#..
...^s..........
....s.sss......
.....ss@s......
.....sssw......
.....sss.......
s.B............
..............#
........^....##
.s..........##
.......°....#


You could see an emperor scorpion, an entropy weaver, a torpor snail, 3 wolf
spiders, 2 orb spiders, a jumping spider, 7 tarantellas and 2 redbacks.

Vanquished Creatures
  Rupert (Orc:2)
  2 deep elf elementalists (Orc:1)
  The ghost of Uvinaotu the Blocker, a journeyman MiFi of the Shining One (D:15)
  A deep elf demonologist (Orc:1)
  A deep elf annihilator (Orc:1)
  Nessos (D:14)
  An ettin (Orc:1)
  A fire dragon (D:15)
  3 ogre magi
  7 hydras
  An ice dragon (D:15)
  2 boulder beetles
  Erolcha (Orc:2)
  6 centaur warriors
  14 two-headed ogres
  A dancing weapon (D:7)
  3 death yaks (D:8)
  A tengu warrior (D:15)
  Urug (D:14)
  Sonja (Lair:6)
  8 skeletal warriors
  A fire crab (shapeshifter) (D:14)
  The ghost of grovkorv the Charlatan, a novice FoAr of Okawaru (D:7)
  An unseen horror (D:11)
  A deep troll (Orc:1)
  A necromancer (Lair:3)
  Pikel (D:5)
  A phantasmal warrior (D:15)
  An orc knight (Orc:1)
  10 orc sorcerers
  4 deep elf magi (Orc:1)
  7 orb spiders (Spider:1)
  8 ugly things
  16 wolf spiders
  A shining eye (shapeshifter) (D:14)
  6 cyclopes
  5 oklob plants
  3 moths of wrath
  A manticore (Lair:2)
  4 elephants (Lair:5)
  3 black mambas
  16 cane toads
  A torpor snail (Spider:1)
  3 gargoyles
  A rime drake (Lair:6)
  3 komodo dragons
  An efreet (D:14)
  A demonic crawler (Spider:1)
  A queen bee (Lair:4)
  A silent spectre (Orc:1)
  3 meliai (Lair:4)
  22 jumping spiders
  A wind drake (Lair:2)
  4 polar bears
  Prince Ribbit (D:5)
  A tengu conjurer (D:12)
  9 trolls
  A blink frog (shapeshifter) (D:14)
  7 hornets
  25 blink frogs
  4 slime creatures (D:13)
  6 dream sheep (Lair:6)
  A snapping turtle (shapeshifter) (D:15)
  A centaur simulacrum (D:15)
  27 redbacks
  16 spriggans
  A shadow (D:13)
  9 tarantellas (Spider:1)
  4 wraiths
  3 vampires
  6 wyverns
  A steam dragon (Lair:5)
  16 humans (D:14)
  7 basilisks
  41 yaks
  4 vampire mosquitoes (D:13)
  2 chaos spawn (D:8)
  Menkaure (D:7)
  A soldier ant (shapeshifter) (D:14)
  2 acid dragons
  3 wargs
  A soldier ant (D:12)
  7 water moccasins
  A hornet zombie (D:8)
  14 orc warriors
  4 sky beasts
  5 phantoms
  4 ice beasts
  6 black bears
  An eye of draining (D:12)
  A necrophage (D:9)
  3 elephant zombies (Lair:3)
  10 centaurs
  22 ogres
  41 wolves
  9 boggarts
  A lemure (D:5)
  3 komodo dragon zombies (Lair:3)
  3 big kobolds
  16 bullfrogs
  Blork the orc (D:5)
  A wyvern skeleton (D:14)
  3 scorpions
  A water moccasin skeleton (D:10)
  24 killer bees
  3 wights (D:14)
  5 howler monkeys
  An electric eel (Lair:3)
  A centaur zombie (D:12)
  2 quasits
  4 bullfrog zombies
  A jelly (D:12)
  Crazy Yiuf (D:5)
  6 hounds
  35 orc wizards
  6 centaur skeletons
  18 orc priests
  4 bullfrog skeletons
  6 iguanas
  16 worker ants
  A killer bee zombie (D:6)
  A hound skeleton (D:11)
  A worker ant zombie (D:10)
  Robin (D:2)
  7 gnolls
  A howler monkey skeleton (D:8)
  9 adders
  A shadow imp (D:7)
  3 white imps
  3 ufetubi
  3 oozes
  4 adder skeletons
  3 worms (D:2)
  2 dart slugs
  8 leopard geckos
  72 orcs
  11 bats
  4 giant cockroaches
  12 goblins
  8 hobgoblins
  13 jackals
  15 kobolds
  6 quokkas
  2 ball pythons
  3 frilled lizards
  A quokka skeleton (D:4)
  6 rats
  A plant (Lair:4)
885 creatures vanquished.

Vanquished Creatures (others)
  An orb spider (Spider:1)
  2 blink frogs (Lair:2)
  2 orcs (D:9)
  36 fungi
  37 plants
78 creatures vanquished.

Grand Total: 963 creatures vanquished

Notes
Turn   | Place    | Note
-------+----------+-------------------------------------------
     0 | D:1      | Cykl0x the Minotaur Fighter began the quest for the Orb.
     0 | D:1      | Reached XP level 1. HP: 19/19 MP: 0/0
   313 | D:1      | Reached skill level 1 in Dodging
   313 | D:1      | Reached XP level 2. HP: 27/27 MP: 1/1
   994 | D:2      | Reached XP level 3. HP: 33/33 MP: 2/2
  1007 | D:2      | Reached skill level 3 in Long Blades
  1175 | D:2      | Reached XP level 4. HP: 35/40 MP: 3/3
  1636 | D:2      | Noticed Robin
  1686 | D:2      | Killed Robin
  2358 | D:2      | Found a radiant altar of Vehumet.
  2361 | D:2      | Found a sacrificial altar of Ru.
  2630 | D:3      | Reached XP level 5. HP: 43/46 MP: 4/4
  2863 | D:3      | Found a glowing golden altar of the Shining One.
  2938 | D:3      | Became a worshipper of the Shining One
  3472 | D:4      | Reached skill level 4 in Long Blades
  3472 | D:4      | Reached skill level 1 in Throwing
  3475 | D:4      | Reached XP level 6. HP: 53/53 MP: 5/5
  3484 | D:4      | Reached skill level 1 in Unarmed Combat
  3484 | D:4      | Reached skill level 1 in Invocations
  3879 | D:4      | Found a shimmering blue altar of Sif Muna.
  4032 | D:4      | Reached skill level 5 in Shields
  4439 | D:4      | Reached * piety under the Shining One
  4468 | D:4      | Reached skill level 5 in Armour
  4468 | D:4      | Reached XP level 7. HP: 31/60 MP: 7/7
  4870 | D:5      | Entered Level 5 of the Dungeon
  4997 | D:5      | Found a white marble altar of Elyvilon.
  5015 | D:5      | Reached skill level 5 in Long Blades
  5144 | D:5      | Noticed Pikel
  5158 | D:5      | Killed Pikel
  5159 | D:5      | Reached skill level 5 in Fighting
  5159 | D:5      | Reached skill level 6 in Long Blades
  5159 | D:5      | Reached XP level 8. HP: 37/68 MP: 7/9
  5368 | D:5      | Noticed Blork the orc
  5372 | D:5      | Killed Blork the orc
  5566 | D:5      | Found a runed translucent door.
  5567 | D:5      | Noticed Crazy Yiuf
  5573 | D:5      | Killed Crazy Yiuf
  5765 | D:5      | Found a staircase to the Ecumenical Temple.
  5784 | D:5      | Noticed Prince Ribbit
  5791 | D:5      | Killed Prince Ribbit
  6137 | D:6      | Reached skill level 7 in Long Blades
  6238 | D:6      | Reached XP level 9. HP: 67/74 MP: 11/11
  6375 | D:6      | Noticed an oklob plant
  6623 | D:6      | Found a shimmering blue altar of Sif Muna.
  7248 | D:7      | Reached skill level 8 in Long Blades
  7355 | D:7      | Found a shadowy altar of Dithmenos.
  7607 | D:7      | Reached skill level 5 in Invocations
  7664 | D:7      | Reached ** piety under the Shining One
  7865 | D:7      | Found a runed translucent door.
  7868 | D:7      | Found a shimmering altar of Xom.
  7868 | D:7      | Noticed grovkorv's ghost (novice FoAr)
  7868 | D:7      | Noticed a +2 long sword of chaos
  7901 | D:7      | Killed a +2 long sword of chaos
  7902 | D:7      | Reached skill level 9 in Long Blades
  7909 | D:7      | Killed grovkorv's ghost
  7910 | D:7      | Reached XP level 10. HP: 84/84 MP: 13/13
  7958 | D:7      | Noticed Menkaure
  7961 | D:7      | Killed Menkaure
  8172 | D:8      | Noticed a two-headed ogre
  8266 | D:7      | Killed a two-headed ogre
  8415 | D:8      | Noticed a two-headed ogre
  8426 | D:8      | Killed a two-headed ogre
  8670 | D:8      | Reached skill level 10 in Long Blades
  8671 | D:8      | Found a broken altar of Ashenzari.
  8790 | D:8      | Found a shimmering altar of Xom.
  8791 | D:8      | Found the +7 mace of Variability {chain chaos}
  9269 | D:8      | Reached *** piety under the Shining One
  9459 | D:9      | Noticed a death yak
  9464 | D:9      | Noticed a death yak
  9483 | D:8      | Killed a death yak
  9484 | D:8      | Reached skill level 5 in Throwing
  9484 | D:8      | Reached XP level 11. HP: 61/92 MP: 15/15
  9490 | D:9      | Noticed a death yak
  9795 | D:8      | Killed a death yak
  9805 | D:8      | Killed a death yak
 10000 | D:9      | Found a staircase to the Lair.
 10149 | D:9      | Noticed a two-headed ogre
 10181 | D:9      | Killed a two-headed ogre
 10182 | D:9      | Reached skill level 11 in Long Blades
 10499 | D:9      | Found a broken altar of Ashenzari.
 11114 | D:9      | Found a stormy altar of Qazlal.
 11161 | D:9      | Found a shimmering altar of Xom.
 11196 | D:9      | Found Zyfinall's Distillery.
 11424 | D:10     | Entered Level 10 of the Dungeon
 11879 | D:10     | Reached **** piety under the Shining One
 11915 | D:10     | Noticed a two-headed ogre
 11927 | D:10     | Killed a two-headed ogre
 12522 | D:11     | Noticed an unseen horror
 12539 | D:11     | Killed an unseen horror
 12570 | D:11     | Found a staircase to the Orcish Mines.
 12590 | D:11     | Reached skill level 10 in Shields
 12730 | D:11     | Found Ysevve's Book Shoppe.
 13150 | D:12     | Reached XP level 12. HP: 85/102 MP: 4/17
 13680 | D:12     | Noticed a centaur warrior
 13680 | D:12     | Noticed a five-headed hydra
 13682 | D:12     | Noticed a centaur warrior
 13697 | D:12     | Killed a five-headed hydra
 13698 | D:12     | Reached skill level 12 in Long Blades
 13707 | D:12     | Reached skill level 10 in Armour
 13742 | D:12     | Killed a centaur warrior
 13771 | D:12     | Killed a centaur warrior
 14520 | D:13     | Noticed a four-headed hydra
 14532 | D:13     | Killed a four-headed hydra
 14857 | D:13     | Noticed a boulder beetle
 14874 | D:13     | Killed a boulder beetle
 15052 | D:13     | Noticed a two-headed ogre
 15058 | D:13     | Killed a two-headed ogre
 15086 | D:13     | Reached ***** piety under the Shining One
 15176 | D:13     | Noticed a centaur warrior
 15242 | D:13     | Killed a centaur warrior
 15243 | D:13     | Reached skill level 10 in Invocations
 15243 | D:13     | Reached XP level 13. HP: 46/111 MP: 19/19
 16432 | D:13     | Identified a scroll of acquirement
 16432 | D:13     | Acquired the +2 Maxwell's thermic engine {flame, freeze}
 16433 | D:13     | Found the +2 Maxwell's thermic engine {flame, freeze}
 16482 | D:13     | Reached skill level 13 in Long Blades
 16739 | D:14     | Noticed Urug
 16739 | D:14     | Noticed Nessos
 16754 | D:14     | Killed Nessos
 16775 | D:14     | HP: 5/113 [cyclops (16)]
 16777 | D:14     | Found a gate to the Vaults.
 17167 | D:14     | Killed Urug
 17392 | D:14     | Gained mutation: You are frail. (-10% HP) [a shining eye]
 17393 | D:14     | Gained mutation: Your body sometimes deteriorates upon
                  | taking damage. [a shining eye]
 17507 | D:14     | Reached skill level 10 in Fighting
 18153 | D:15     | Entered Level 15 of the Dungeon
 18282 | D:15     | Noticed a fire dragon
 18291 | D:15     | Killed a fire dragon
 18502 | D:15     | Found a staircase to the Depths.
 18536 | D:15     | Found a runed translucent door.
 18540 | D:15     | Noticed Uvinaotu's ghost (journeyman MiFi)
 18541 | D:15     | Identified the cursed +1 spear "Cykl0x's Doom" {flame,
                  | Str+4}
 18554 | D:15     | Killed Uvinaotu's ghost
 18561 | D:15     | Reached skill level 14 in Long Blades
 18581 | D:15     | Got a pair of heavily runed gloves
 18591 | D:15     | Identified the +1 pair of gloves of Somewhere Else {rF-
                  | Regen+ Dex-5 Slay+5} (You found it on level 15 of the
                  | Dungeon)
 18917 | D:15     | Reached XP level 14. HP: 109/109 MP: 21/21
 18923 | D:15     | Found a large runed translucent door.
 18926 | D:15     | Found a large runed translucent door.
 18980 | D:15     | Found a shimmering altar of Xom.
 18988 | D:15     | Found a snail-covered altar of Cheibriados.
 19779 | Lair:1   | Entered Level 1 of the Lair of Beasts
 19811 | Lair:1   | Reached ****** piety under the Shining One
 20374 | Lair:1   | Learned a level 2 spell: Wereblood
 20596 | Lair:2   | Found a staircase to the Shoals.
 20734 | Lair:2   | Reached skill level 1 in Transmutations
 20777 | Lair:2   | Reached skill level 15 in Long Blades
 21318 | Lair:3   | Reached skill level 1 in Spellcasting
 21477 | Lair:3   | Found a hole to the Spider Nest.
 22595 | Lair:4   | Found a blossoming altar of Fedhas.
 23099 | Lair:5   | Reached XP level 15. HP: 117/117 MP: 22/22
 23888 | Lair:5   | Identified Sif Muna's Theurgy Continued
 23909 | Lair:6   | Entered Level 6 of the Lair of Beasts
 23934 | Lair:6   | Found a staircase to the Slime Pits.
 24339 | Lair:6   | Noticed Sonja
 24352 | Lair:6   | Killed Sonja
 24596 | Lair:6   | Got an ancient wooden ring
 24598 | Lair:6   | Identified the ring of Ockihaapt {rC+ Str-2 Int+9 Slay-5
                  | SInv} (You found it on level 6 of the Lair of Beasts)
 25277 | Orc:1    | Entered Level 1 of the Orcish Mines
 25356 | Orc:1    | Found a roughly hewn altar of Beogh.
 25428 | Orc:1    | Reached skill level 16 in Long Blades
 25735 | Orc:1    | Found a transporter.
 25777 | Orc:2    | Entered Level 2 of the Orcish Mines
 25801 | Orc:2    | Noticed Rupert
 25808 | Orc:2    | Killed Rupert
 26096 | Orc:2    | Found Bauriu Nezen's Distillery.
 26148 | Orc:2    | Found a radiant altar of Vehumet.
 26148 | Orc:2    | Noticed Erolcha
 26158 | Orc:2    | Killed Erolcha
 26170 | Orc:2    | Found Olauhefeff's Antique Armour Emporium.
 26205 | Orc:2    | Found a roughly hewn altar of Beogh.
 26213 | Orc:2    | Found an ancient bone altar of Kikubaaqudgha.
 26347 | Orc:2    | Found Tiunol's Magic Scroll Emporium.
 26355 | Orc:2    | Found Seiv's Gadget Shoppe.
 26370 | Orc:2    | Bought a scroll of immolation for 45 gold pieces
 26370 | Orc:2    | Bought 2 scrolls of enchant armour for 195 gold pieces
 26370 | Orc:2    | Bought a scroll of identify for 26 gold pieces
 26493 | Orc:2    | Found a staircase to the Elven Halls.
 26880 | Orc:1    | Found a transporter.
 26880 | Orc:1    | Found a runed translucent door.
 26880 | Orc:1    | Found a bloodstained altar of Trog.
 26881 | Orc:1    | Found the cursed necklace of Bloodlust {*Rage +Rage Will++
                  | Int-3 Slay+6 *Curse}
 27114 | Orc:1    | Reached XP level 16. HP: 115/126 MP: 21/24
 27418 | Spider:1 | Entered Level 1 of the Spider Nest
 27737 | Spider:1 | Reached skill level 5 in Transmutations
 28272 | Spider:1 | Got a translucent scale mail
 28282 | Spider:1 | Identified the +3 scale mail "Hooc" {rElec rC- Will- Str+8}
                  | (You found it on level 1 of the Spider Nest)
 28547 | Orc:1    | Got a translucent chain mail
 28557 | Orc:1    | Identified the +6 chain mail "Edeunkem" {Rampage rC+ SInv}
                  | (You found it on level 1 of the Orcish Mines)
 29529 | Spider:2 | The Shining One protects you from harm!
 29529 | Spider:2 | HP: 5/126 [emperor scorpion (4)]
 29529 | Spider:2 | HP: 2/126 [wolf spider (3)]
 29530 | Spider:2 | Slain by a wolf spider

Illustrated notes

Levels and vault maps discovered:
D:1:      dpeg_arrival_rhombus, layout_basic, serial_park_tiny_2
D:2:      layout_basic, minitemple, minmay_heptomino_o4, uniq_robin
D:3:      layout_basic, tso_altar
D:4:      layout_basic, serial_park_tiny_pond, led_sif_book
D:5:      layout_loops_ring, minmay_temple_entry_butterflies,
          kennysheep_flooded_box, uniq_crazy_yiuf_cottage, uniq_pikel,
          uniq_blork_the_orc, uniq_prince_ribbit1
D:6:      layout_rooms, lemuel_oklob_altar
D:7:      layout_basic, kennysheep_mini, ebering_ghost_xom, zaba_anthole,
          uniq_menkaure
D:8:      layout_basic, lemuel_coloured_pillars_altar, grunt_ministairs_8,
          minmay_guarded_unrand_variability
D:9:      layout_irregular_city, marbit_many_paths,
          nicolae_qazlal_general_emergency, dpeg_lair_monsters, serial_shops,
          shop_statue, nicolae_ashenzari_panopticon
D:10:     layout_loops_ring, grunt_potential
D:11:     layout_gridville, orc_0_dummy, serial_shops, shop_statue, minivault_21
D:12:     minmay_the_grid_four_pointed_star_mashed
          [minmay_the_grid_triangle_9x9_cache,
          minmay_the_grid_triangle_9x9_from_above,
          minmay_the_grid_triangle_9x9_odd_lines,
          minmay_the_grid_triangle_9x9_impossible_snake,
          minmay_the_grid_prize_inner_circle], layout_rooms
D:13:     minmay_razor_zed, layout_basic
D:14:     layout_cave_pods, david_vaults_3, minmay_misc_feat_enclosed,
          nicolae_wwwww
D:15:     grunt_enter_depths_hoard, layout_loops_corners,
          ebering_ghost_funeral_grove, chequers_serial_rivers_small_a,
          jmf_multi_god_temple2, uniq_nessos
Lair:1:   layout_gridlike, infiniplex_staircase_pool
Lair:2:   layout_loops_ring, minmay_shoals_entry_beasts, lemuel_old_faithful,
          lemuel_fruit_fields
Lair:3:   pond_and_an_island_with_a_cottage, layout_gridlike,
          spider_nest_entry_webs
Lair:4:   layout_roguey [special_room_bee], chequers_serial_rivers_room_a,
          tgw_fedhas, grunt_megastairs_5
Lair:5:   layout_gridlike, minmay_lair_oklob_chamber
Lair:6:   minmay_lair_end_enchanted_forest, layout_cave_pods, slime_dummy,
          uniq_sonja
Spider:1: layout_chambers
Spider:2: layout_spider_delve, drop_trap
Orc:1:    emtedronai_trogs_sanctum, layout_diamond_mine, basic_altar
Orc:2:    kennysheep_orc_mage_school, layout_diamond_mine, uniq_rupert

Skill      XL: |  1  2  3  4  5  6  7  8  9 10 11 12 13 14 15 16 |
---------------+-------------------------------------------------+-----
Dodging        | 1 2 3 4 |  4.9
Armour         | 4 5 6 7 8 9 10 11 12 13 | 13.5
Long Blades    | 3 4 6 7 9 10 11 12 14 15 16 | 16.8
Shields        | 4 5 6 7 9 10 11 12 13 14 | 14.6
Fighting       | 4 5 6 7 8 9 10 11 12 | 12.9
Throwing       | 1 2 4 5 6 7 8 9 |  9.0
Unarmed Combat | 1 |  1.0
Invocations    | 2 3 4 5 7 8 10 11 12 13 | 13.0
Transmutations | 2 4 5 |  5.2
Spellcasting   | 1 3 4 |  4.2
Short Blades   | |  0.6
Evocations     | |  0.1

Action                   |  1- 3 |  4- 6 |  7- 9 | 10-12 | 13-15 | 16-18 || total
-------------------------+-------+-------+-------+-------+-------+-------++-------
Melee: Long sword        |    75 |   154 |   202 |   101 |       |       ||   532
       Headbutt          |    11 |    31 |    47 |   214 |   154 |    25 ||   482
       Unarmed           |       |    34 |       |       |       |       ||    34
       Falchion          |       |       |       |   597 |   101 |       ||   698
       Dagger            |       |       |       |    20 |       |       ||    20
       Double sword      |       |       |       |       |   798 |   150 ||   948
Throw: Stone             |    20 |     7 |       |     3 |     4 |       ||    34
       Boomerang         |       |    22 |    42 |    72 |    58 |       ||   194
       Dart              |       |       |     8 |    21 |    10 |     2 ||    41
       Javelin           |       |       |       |    34 |    15 |    20 ||    69
 Cast: Wereblood         |       |       |       |       |       |     1 ||     1
Invok: Divine Shield     |       |       |     1 |     1 |     1 |       ||     3
       Cleansing Flame   |       |       |       |       |     2 |     1 ||     3
Evoke: Wand              |       |       |     2 |       |       |       ||     2
  Use: Scroll            |     4 |     3 |     6 |    18 |     6 |       ||    37
       Potion            |       |       |       |     3 |     7 |     2 ||    12
Armor: Scale mail        |    50 |    50 |    39 |       |       |       ||   139
       Plate armour      |       |       |    21 |   248 |   237 |    49 ||   555
       Chain mail        |       |       |       |       |       |    46 ||    46
Dodge: Dodged            |    37 |    66 |    74 |   179 |   251 |    69 ||   676
Block: Kite shield       |    57 |    93 |   119 |   379 |   525 |   138 ||  1311
       Rpst.: Long sword |    11 |    12 |    26 |     6 |       |       ||    55
       Falchion          |       |       |       |    45 |     4 |       ||    49
       Double sword      |       |       |       |       |    65 |    14 ||    79
